 Dungeon Crawl Stone Soup version bcrawl-1.28 (webtiles) character file.

Game seed: 12158887159814151836

362458 MisterOstroum the Martial Artist (level 10, -1/80 HPs)
             Began as a Demonspawn Martial Artist on Dec 2, 2020.
             Was a High Priest of Wu Jian.
             Killed from afar by an electric eel (3 damage)
             ... with a bolt of electricity
             ... on level 9 of the Dungeon.
             The game lasted 00:12:31 (7572 turns).

MisterOstroum the Martial Artist (DsMA)             Turns: 7572, Time: 00:12:31

Health: -1/80      AC:  6    Str: 14    XL:     10   Next: 55%
Magic:  11/11      EV: 16    Int: 11    God:    Wu Jian [*****.]
Gold:   667        SH:  0    Dex: 22    Spells: 10/11 levels left

rFire    + + .     SeeInvis .     - Claws (18.2)
rCold    + . .     Gourm    .   (no shield)
rNeg     . . .     Faith    .   k - +0 ring mail
rPois    +         Spirit   .   R - +1 hat
rElec    +         Reflect  .   (no cloak)
rCorr    +         Harm     .   (no gloves)
MR       .....                  (boots unavailable)
Stlth    +.........             (no amulet)
HPRegen  0.23/turn              r - ring of protection from fire
MPRegen  0.12/turn              M - +5 ring of dexterity

@: confused, resistant, lightly drained
A: claws 1, hooves 3, horns 2, powered by pain 1, rot immunity
a: Wall Jump, Serpent's Lash, Heavenly Storm, Renounce Religion


You were on level 9 of the Dungeon.
You worshipped Wu Jian.
Wu Jian was extremely pleased with you.
You were hungry.

You visited 1 branch of the dungeon, and saw 9 of its levels.

You collected 667 gold pieces.

Inventory:

Hand Weapons
 b - a +1 hunting sling of freezing
 c - a +1 dagger of protection
 x - a cursed +0 blowgun
Missiles
 d - 613 sling bullets
 f - 2535 stones
 m - 157 poisoned tomahawks (quivered)
 w - 390 bolts
 y - 215 poisoned needles
 K - 808 arrows
Armour
 k - a +0 ring mail (worn)
 O - a scarf of stasis
 Q - a +0 plate armour
 R - a +1 hat (worn)
Jewellery
 r - a ring of protection from fire (left claw)
 E - an uncursed ring of protection from magic
 L - an uncursed ring of protection from cold {unknown}
 M - a +5 ring of dexterity (right claw)
Scrolls
 a - a scroll of enchant armour {unknown}
 g - a scroll of fog {unknown}
 i - 7 scrolls of remove curse {unknown}
 p - 4 scrolls of magic mapping
 s - 2 scrolls of fear {unknown}
 t - 2 scrolls of noise {unknown}
 u - 4 scrolls of teleportation
 z - 2 scrolls of blinking {unknown}
 B - 2 scrolls of immolation {unknown}
 G - 4 scrolls of amnesia
 H - a scroll of identify {@r1}
 I - a scroll of enchant weapon {unknown}
 N - a scroll of vulnerability {unknown}
Potions
 h - 2 potions of mutation
 j - 2 potions of haste {unknown}
 l - 2 potions of agility {@q5 !q}
 n - a potion of berserk rage {unknown}
 o - a potion of heal wounds {unknown}
 q - a potion of ambrosia
 v - a potion of resistance
 A - 2 potions of curing {@q1 !q}
 C - 2 potions of lignification
 D - a potion of might {unknown}
 F - a potion of brilliance
 J - 5 potions of flight
Comestibles
 e - 13 rations {!d}
 P - 11 chunks of flesh


   Skills:
 + Level 7.6(7.2) Fighting
 + Level 2.2(1.8) Armour
 + Level 7.0(6.6) Dodging
 + Level 7.1(6.7) Stealth
 * Level 9.9(9.5) Unarmed Combat
 - Level 1.0(0.6) Spellcasting
 - Level 1.0(0.6) Hexes


You had 10 spell levels left.
You knew the following spells:

 Your Spells              Type           Power        Failure   Level  Hunger
a - Confusing Touch       Hex            #.......     45%         1    None

Your spell library contained the following spells:

 Spells                   Type           Power        Failure   Level  Hunger
 Throw Frost              Conj/Ice       #.....       38%         2    ###....
 Animate Skeleton         Necr           N/A          56%         1    None
 Freeze                   Ice            #.....       56%         1    None
 Pain                     Necr           #.....       56%         1    None
 Ozocubu's Armour         Chrm/Ice       #.......     90%         3    #####..
 Regeneration             Chrm/Necr      #.........   90%         3    #####..
 Vampiric Draining        Necr           #.........   90%         3    #####..
 Animate Dead             Necr           N/A          100%        4    ######.
 Ice Form                 Ice/Tmut       #.......     100%        4    ######.
 Summon Ice Beast         Ice/Summ       #.......     100%        4    ######.
 Throw Icicle             Conj/Ice       #.......     100%        4    ######.
 Bolt of Draining         Conj/Necr      #.........   100%        5    #######


Dungeon Overview and Level Annotations

Branches:
Dungeon (9/12)             Temple (0/1) D:5
   Lair: D:7-9          Orc: D:8-11

Altars:
Ashenzari
Dithmenos
Fedhas
Gozag
Lugonu
Makhleb
Nemelex Xobeh
Okawaru
Sif Muna
Wu Jian
Yredelemnul
The Shining One

Shops:
D:5 (   D:7 =


Innate Abilities, Weirdness & Mutations

You have sharp fingernails.
You have hooves in place of feet.
You have a pair of horns on your head.
You sometimes gain a little power by taking damage.
You are immune to rotting.


Message History

The steam dragon is severely wounded.
The troll bites you but does no damage. The troll claws you.
The troll barely misses you. The steam dragon barely misses you.
The steam dragon claws you.
You claw the steam dragon!
You kick the steam dragon, but do no damage.
Your headbutt misses the steam dragon.
The steam dragon is almost dead.
The shadow imp misses you.
A worker ant zombie comes into view.
The troll barely misses you. The troll misses you. The troll barely misses you.
The steam dragon closely misses you. The steam dragon barely misses you.
You scratch the steam dragon.
You kick the steam dragon, but do no damage.
The steam dragon is almost dead.
The shadow imp shouts, "Slither away, thou puking ruttish urchin!"
The shadow imp barely misses you. The troll bites you. The troll claws you.
The troll misses you.
You completely miss the steam dragon.
The steam dragon is almost dead.
The steam dragon breathes steam at you. You resist. The ball of steam hits you!
The adder skeleton barely misses you. The shadow imp gestures at you.
Pain shoots through your body!
* * * LOW HITPOINT WARNING * * *
You spin and attack the troll.
You claw the troll!
The troll is heavily wounded.
You spin and attack the steam dragon repeatedly.
You mangle the steam dragon!!
You kill the steam dragon!
The Council accepts your kill.
The steam dragon scales are intact enough to wear.
Your Dodging skill increases to level 7!
The troll bites you!
* * * LOW HITPOINT WARNING * * *
The troll barely misses you. The troll closely misses you.
Your muscles tense, ready for explosive movement...
Unknown command.
Unknown command.
You spin and attack the yak repeatedly, with incredible momentum.
You scratch the yak.
The yak is lightly wounded.
You claw the yak! You kick the yak.
The yak is heavily wounded.
You spin and attack the iguana, with incredible momentum.
You scratch the iguana but do no damage.
Your kick misses the iguana.
Unknown command.
Unknown command.
You feel drained.
Your supernatural speed expires.
The yak is engulfed in a cloud of scalding steam.
You feel less exhausted.
You see here 20 gold pieces.
Autopickup is now off.
A crimson imp comes into view.
The crimson imp moves out of view.
The crimson imp shouts!
Really quaff
A - 3 potions of curing {@q1 !q}?
You feel better.
The crimson imp laughs crazily.
Put on which piece of jewellery? (? for menu, Esc to quit)
Okay, then.
Unknown command.
An electric eel comes into view.
You spin and attack the crimson imp repeatedly.
You completely miss the crimson imp.
You headbutt the crimson imp, but do no damage.
You claw the crimson imp! Your headbutt misses the crimson imp.
The crimson imp is almost dead. 2 electric eels come into view.
The crimson imp hits you but does no damage.
A hippogriff comes into view.
The electric eel shoots out a bolt of lightning at you!
The bolt of electricity hits you!
* * * LOW HITPOINT WARNING * * *
Unknown command.
You are confused.
You feel invigorated.
The crimson imp hits you but does no damage.
The electric eel shoots out a bolt of lightning at you!
The bolt of electricity hits you.
* * * LOW HITPOINT WARNING * * *
Okay, then.
Unknown command.
Okay, then.
Unknown command.
Okay, then.
Unknown command.
You feel protected.
The electric eel shoots out a bolt of lightning at you!
You resist. The bolt of electricity hits you.
* * * LOW HITPOINT WARNING * * *
The crimson imp misses you. The troll bites you!
* * * LOW HITPOINT WARNING * * *
The troll barely misses you. The troll claws you but does no damage.
The electric eel shoots out a bolt of lightning at you!
The bolt of electricity hits the electric eel.
The electric eel completely resists.
You resist. The bolt of electricity hits you.
You die...

#.###############
#.# #.# #.# ###.#
#...# #.#.######
# #.Tl......
≈≈≈≈. #5@.≈.....
≈≈≈≈. #...≈.≈..≈
≈≈≈≈. #..[.≈≈≈.≈
≈≈≈.≈ #....;≈≈≈≈
≈≈≈≈≈ #...≈≈≈≈≈≈
≈≈.≈≈ #...≈≈≈≈≈≈
..≈≈≈ #....H....
≈≈ #...≈;≈≈;; ≈≈
≈≈


You could see a hippogriff, a troll, an iguana, 4 electric eels and a crimson
imp.

Vanquished Creatures
  A cyclops (D:6)
  Pikel (D:4)
  A deep elf mage (D:9)
  A centaur skeleton (D:9)
  2 trolls
  Prince Ribbit (D:7)
  A hippogriff (D:7)
  A yak (D:9)
  A steam dragon (D:9)
  Menkaure (D:4)
  A crocodile (D:8)
  A sky beast (D:8)
  2 orc warriors (D:9)
  3 phantoms
  4 slaves
  An ice beast (D:9)
  3 ogres
  A wolf (D:9)
  A centaur (D:9)
  A big kobold (D:6)
  3 bullfrogs
  A scorpion (D:5)
  4 killer bees (D:9)
  2 electric eels (D:9)
  9 howler monkeys
  5 crimson imps
  6 hounds
  2 orc priests (D:6)
  2 bullfrog skeletons
  Jessica (D:2)
  4 iguanas
  Natasha (thrice) (D:4)
  6 orc wizards
  A worker ant (D:6)
  A hound zombie (D:7)
  13 adders
  A shadow imp (D:7)
  An ooze (D:4)
  2 adder skeletons
  An adder zombie (D:6)
  2 worms
  4 dart slugs
  9 leopard geckos
  15 orcs
  8 bats
  3 giant cockroaches
  12 hobgoblins
  14 jackals
  2 quokkas
  2 ball pythons (D:1)
  4 frilled lizards
  4 goblins
  A jackal zombie (D:6)
  11 kobolds
  8 rats
196 creatures vanquished.

Vanquished Creatures (others)
  2 orc priests (D:9)
  An adder (D:4)
  An ooze (D:4)
  An orc (D:9)
5 creatures vanquished.

Grand Total: 201 creatures vanquished

Notes
Turn   | Place    | Note
-------+----------+-------------------------------------------
     0 | D:1      | MisterOstroum the Demonspawn Martial Artist began the quest
                  | for the Orb.
     0 | D:1      | Reached XP level 1. HP: 18/18 MP: 2/2
   205 | D:1      | Gained mutation: You have sharp fingernails. [demonic
                  | ancestry]
   205 | D:1      | Reached XP level 2. HP: 24/24 MP: 3/3
   679 | D:1      | Reached ** piety under Wu Jian
   787 | D:1      | Reached skill level 4 in Unarmed Combat
  1036 | D:2      | Gained mutation: You have a pair of small horns on your
                  | head. [demonic ancestry]
  1036 | D:2      | Reached XP level 3. HP: 24/29 MP: 4/4
  1316 | D:2      | Found a basalt altar of Yredelemnul.
  1422 | D:2      | Noticed Jessica
  1427 | D:2      | Killed Jessica
  1427 | D:2      | Reached XP level 4. HP: 35/35 MP: 5/5
  1553 | D:2      | Found a blossoming altar of Fedhas.
  1924 | D:3      | Found an iron altar of Okawaru.
  1925 | D:3      | Found an ornate altar of the Wu Jian Council.
  2103 | D:3      | Gained mutation: You sometimes gain a little power by
                  | taking damage. [demonic ancestry]
  2103 | D:3      | Reached XP level 5. HP: 41/41 MP: 6/6
  2184 | D:3      | Reached *** piety under Wu Jian
  2339 | D:3      | Found a shadowy altar of Dithmenos.
  2674 | D:3      | Found a burning altar of Makhleb.
  2798 | D:4      | Noticed a slave
  2823 | D:4      | Killed a slave
  2893 | D:4      | Noticed a slave
  2894 | D:4      | Noticed a slave
  2894 | D:4      | Noticed Pikel
  2896 | D:4      | Noticed a slave
  2918 | D:3      | Killed a slave
  2985 | D:4      | Noticed Menkaure
  2990 | D:4      | Killed Menkaure
  2990 | D:4      | Reached skill level 5 in Unarmed Combat
  2990 | D:4      | Gained mutation: You have large cloven feet. [demonic
                  | ancestry]
  2990 | D:4      | Reached XP level 6. HP: 47/48 MP: 7/7
  3056 | D:4      | Noticed Natasha
  3063 | D:4      | Killed Natasha
  3120 | D:4      | Killed Pikel
  3120 | D:4      | Reached skill level 6 in Unarmed Combat
  3120 | D:4      | Gained mutation: You have hoof-like feet. [demonic
                  | ancestry]
  3120 | D:4      | Reached XP level 7. HP: 13/55 MP: 8/8
  3446 | D:4      | Noticed Natasha
  3458 | D:4      | Killed Natasha
  3534 | D:4      | Reached skill level 5 in Fighting
  3639 | D:4      | Noticed Natasha
  3645 | D:4      | Killed Natasha
  3645 | D:4      | Gained mutation: You are immune to rotting. [demonic
                  | ancestry]
  3645 | D:4      | Reached XP level 8. HP: 62/62 MP: 9/9
  3968 | D:5      | Entered Level 5 of the Dungeon
  3982 | D:5      | Found a sparkling altar of Nemelex Xobeh.
  4014 | D:5      | Found Loafoj's Weapon Shoppe.
  4262 | D:5      | Found a corrupted altar of Lugonu.
  4303 | D:5      | Found a glowing golden altar of the Shining One.
  4335 | D:5      | Found a staircase to the Ecumenical Temple.
  4865 | D:6      | Reached skill level 7 in Unarmed Combat
  5021 | D:6      | Reached skill level 5 in Dodging
  5047 | D:6      | Reached **** piety under Wu Jian
  5375 | D:6      | Noticed a cyclops
  5385 | D:6      | Killed a cyclops
  5385 | D:6      | Reached skill level 5 in Stealth
  5385 | D:6      | Gained mutation: You have hooves in place of feet. [demonic
                  | ancestry]
  5385 | D:6      | Reached XP level 9. HP: 69/69 MP: 10/10
  5414 | D:6      | Found a shimmering blue altar of Sif Muna.
  5643 | D:7      | Noticed Prince Ribbit
  5649 | D:7      | Killed Prince Ribbit
  5651 | D:7      | Found Fifoegy's Jewellery Shop.
  5798 | D:7      | Reached skill level 8 in Unarmed Combat
  5834 | D:7      | Found an opulent altar of Gozag.
  5954 | D:7      | Found a shattered altar of Ashenzari.
  6796 | D:8      | Noticed a troll
  6803 | D:8      | Killed a troll
  6803 | D:8      | Reached skill level 9 in Unarmed Combat
  7247 | D:9      | Gained mutation: You have a pair of horns on your head.
                  | [demonic ancestry]
  7247 | D:9      | Reached XP level 10. HP: 60/79 MP: 11/11
  7355 | D:9      | Noticed a deep elf mage
  7365 | D:9      | Killed a deep elf mage
  7365 | D:9      | Reached skill level 1 in Armour
  7389 | D:9      | Reached ***** piety under Wu Jian
  7572 | D:9      | HP: 2/80 [troll (8)]
  7572 | D:9      | Killed from afar by an electric eel

Skill      XL: |  1  2  3  4  5  6  7  8  9 10 |
---------------+-------------------------------+-----
Unarmed Combat | 4 5 6 7 9 |  9.9
Dodging        | 3 4 5 6 7 |  7.0
Stealth        | 2 3 4 5 6 7 |  7.1
Fighting       | 4 5 6 7 |  7.6
Armour         | 2 |  2.2
Spellcasting   | |  1.0
Hexes          | |  1.0

Action                   |  1- 3 |  4- 6 |  7- 9 | 10-12 || total
-------------------------+-------+-------+-------+-------++-------
Melee: Unarmed           |    62 |   100 |   192 |    74 ||   428
       Punch             |     1 |     2 |     6 |     4 ||    13
       Headbutt          |     2 |    16 |    39 |    15 ||    72
       Dagger            |       |    20 |       |       ||    20
       Kick              |       |     4 |    55 |    23 ||    82
 Fire: Hunting sling     |    51 |   107 |    82 |     5 ||   245
Throw: Stone             |    26 |     1 |     4 |       ||    31
       Tomahawk          |       |       |    13 |    20 ||    33
 Cast: Confusing Touch   |       |       |     1 |       ||     1
Invok: Lunge             |     3 |     6 |    11 |     9 ||    29
       Whirlwind         |       |       |    13 |     8 ||    21
 Abil: Serpent's Lash    |       |     1 |     2 |     3 ||     6
  Use: Scroll            |       |     2 |     8 |       ||    10
       Potion            |       |       |       |     3 ||     3
 Stab: Sleeping          |     2 |     2 |     5 |       ||     9
       Confused          |       |       |     3 |       ||     3
       Distracted        |       |       |     1 |       ||     1
  Eat: Chunk             |     5 |    11 |    19 |     4 ||    39
Armor: Robe              |     5 |       |       |       ||     5
       Ring mail         |    12 |    54 |    27 |    12 ||   105
       Plate armour      |       |       |       |     2 ||     2
Dodge: Dodged            |    47 |    87 |    79 |    43 ||   256
